 Dungeon Crawl Stone Soup version 0.31.0-4-g52a2dc7128 (webtiles) character file.

Game seed: 5707571995475215093

3852 Malachi the Grappler (level 9, -1/65 HPs)
             Began as a Demonspawn Shapeshifter on Jan 23, 2024.
             Slain by a warg (6 damage)
             ... on level 9 of the Dungeon.
             The game lasted 00:09:23 (8301 turns).

Malachi the Grappler (Demonspawn Shapeshifter)      Turns: 8301, Time: 00:09:23

Health: -1/65      AC: 15    Str: 23    XL:     9   Next: 99%
Magic:  9/9        EV:  7    Int: 11    God:
Gold:   378        SH:  5    Dex: 15    Spells: 8/8 levels left

rFire   . .          .
                       - Unarmed
rCold   . . .        (no shield)
rNeg    . . .        w - +0 plate armour
rPois   .            (helmet currently unavailable)
rElec   .            (cloak currently unavailable)
rCorr   .            (gloves currently unavailable)
SInv    .            (boots currently unavailable)
Will    +....        p - amulet of Kykuoch {Reflect Str+5 Dex+2 SH+5} Stlth
                     l - ring of willpower
HPRegen 0.30/turn    (no ring)
MPRegen 0.11/turn

%: reflection
@: beast-form
A: beast (slay +3), claws 1, slimy green scales 2, ignite blood 1, powered by
death 1
a: Begin Untransformation


You were on level 9 of the Dungeon.
You were a hulking beast.
You visited 1 branch of the dungeon, and saw 9 of its levels.

You collected 378 gold pieces.

Inventory:

Missiles
 x - 4 datura-tipped darts (quivered)
Armour
 a - a +0 animal skin
 w - a +0 plate armour (worn)
Jewellery
 f - an amulet of guardian spirit
 k - a ring of magical power
 l - a ring of willpower (left claw)
 p - the amulet of Kykuoch (around neck) {Reflect Str+5 Dex+2 SH+5}
   (You found it on level 3 of the Dungeon)

   [amulet of reflection]

   Reflect:   It reflects blocked missile attacks.
   Str+5:     It affects your strength (+5).
   Dex+2:     It affects your dexterity (+2).
   SH+5:      It affects your SH (+5).
 r - a ring of wizardry
 E - a ring of see invisible
Talismans
 c - a beast talisman
 d - a flux talisman
 z - a maw talisman
Wands
 y - a wand of paralysis (5)
 C - a wand of acid (14)
 F - a wand of iceblast (6)
Scrolls
 i - a scroll of silence
 m - 2 scrolls of teleportation
 o - a scroll of noise
 s - a scroll of fear
 t - 2 scrolls of amnesia
 u - a scroll of enchant armour
Potions
 b - a potion of lignification
 e - a potion of heal wounds
 g - 4 potions of curing {unknown}
 h - 2 potions of might {unknown}
 j - 2 potions of resistance {unknown}
 n - a potion of degeneration {unknown}
 q - a potion of berserk rage {unknown}
 v - 2 potions of enlightenment {unknown}
 A - a potion of haste {unknown}
 B - 2 potions of mutation {unknown}
 D - 2 potions of brilliance {unknown}


   Skills:
 + Level 3.8 Fighting
 + Level 5.5 Armour
 - Level 2.5 Dodging
 - Level 1.4 Stealth
 - Level 0.9 Shields
 + Level 9.5 Unarmed Combat
 * Level 6.2 Shapeshifting


You had 8 spell levels left.
You didn't know any spells.
Your spell library contained the following spells:

 Spells                   Type           Power      Damage    Failure   Level
 Summon Ice Beast         Ice/Summ       0%         N/A       100%        3
 Summon Mana Viper        Hex/Summ       0%         N/A       100%        5
 Monstrous Menagerie      Summ           0%         N/A       100%        7


Dungeon Overview and Level Annotations

Branches:
Dungeon (9/15)             Temple (0/1) D:6             Orc (0/2) D:9
   Lair: D:8-11

Altars:
Ashenzari
Gozag
Qazlal
Trog
Wu Jian


Innate Abilities, Weirdness & Mutations

You are a hulking beast.
Your limbs bulge with bestial killing power. (Slay +3)
You have sharp fingernails.
You are mostly covered in slimy green scales. (AC +3)
Your demonic aura sometimes causes spilled blood to erupt in flames.
You regenerate a little health from kills.


Message History

The warg barely misses you.
You closely miss the warg.
The warg is lightly wounded.
The warg barely misses you. x2
You claw the warg!
The warg is moderately wounded.
The warg bites you but does no damage. The warg barely misses you.
You claw the warg!
The warg is severely wounded.
The warg barely misses you.
The warg bites you but does no damage. x2
You completely miss the warg.
The warg is severely wounded.
The warg bites you. The warg barely misses you.
The warg bites you but does no damage.
You completely miss the warg.
The warg is severely wounded.
The warg bites you! x2
You are too injured to fight recklessly!
You are too injured to fight recklessly!
You are too injured to fight recklessly!
You are too injured to fight recklessly!
You are too injured to fight recklessly!
You scratch the warg.
The warg is almost dead.
The warg bites you! The warg barely misses you.
You scratch the warg. Your claw misses the warg.
The warg is almost dead.
The warg bites you but does no damage.
You barely miss the warg.
The warg is almost dead.
The warg barely misses you.
You closely miss the warg.
The warg is almost dead.
The warg bites you!
* * * LOW HITPOINT WARNING * * *
You scratch the warg but do no damage.
The warg is almost dead.
The warg stops to sniff the ground.
The warg bites you.
You die...

#..#####...### ... #..
##....##...# ...
#.........# ..
##.#.......# .#####
#...#....... ##...##
##...##......
##.8.8.###.....##.....
+...ohh.+....)..#...##
#..#'#h.#..#)#..# ..#
# #o##.#.##.##.# ..# #
.o #.#.#...#.# ..#
#.#.? #.#.#...#.#
#.##.##.#.##.##.#
#..#+#..#..#.#..#
#.......#......##
##.8.8.###.....#
##.....###....##


You could see 2 wargs and an orc warrior.

Vanquished Creatures
  An unseen horror (D:7)
  A hornet (D:8)
  2 wyverns
  3 steam dragons
  A water moccasin (D:8)
  2 orc warriors
  2 sky beasts
  A black bear (D:8)
  An ogre (D:7)
  A phantom (D:7)
  2 centaurs
  2 kobold brigands (D:8)
  A bullfrog (D:6)
  A scorpion (D:7)
  8 wights (D:7)
  A howler monkey (D:6)
  5 electric eels (D:7)
  3 bombardier beetles
  6 hounds
  2 gnoll boudas
  6 iguanas
  3 orc wizards
  7 gnolls
  12 adders
  A shadow imp (D:5)
  A white imp (D:8)
  2 ufetubi (D:7)
  5 dart slugs
  2 ribbon worms (D:2)
  33 orcs
  7 ball pythons
  3 endoplasms
  6 goblins
  5 hobgoblins
  10 jackals
  11 kobolds
  3 quokkas (D:3)
  3 bats
  3 frilled lizards
  5 rats
174 creatures vanquished.

Notes
Turn   | Place    | Note
-------+----------+-------------------------------------------
     0 | D:1      | Malachi the Demonspawn Shapeshifter began the quest for the
                  | Orb.
     0 | D:1      | Reached XP level 1. HP: 15/15 MP: 1/1
   228 | D:1      | Reached skill level 3 in Unarmed Combat
   235 | D:1      | Gained mutation: You are partially covered in slimy green
                  | scales. (AC +2) [demonic ancestry]
   235 | D:1      | Reached XP level 2. HP: 16/21 MP: 2/2
   985 | D:2      | Gained mutation: Your demonic aura sometimes causes spilled
                  | blood to erupt in flames. [demonic ancestry]
   985 | D:2      | Reached XP level 3. HP: 24/26 MP: 3/3
  1252 | D:2      | Gained mutation: You regenerate a little health from kills.
                  | [demonic ancestry]
  1252 | D:2      | Reached XP level 4. HP: 31/32 MP: 4/4
  1322 | D:2      | Reached skill level 4 in Unarmed Combat
  1623 | D:3      | Identified the amulet of Kykuoch {Reflect Str+5 Dex+2 SH+5}
  2455 | D:4      | Gained mutation: You have sharp fingernails. [demonic
                  | ancestry]
  2455 | D:4      | Reached XP level 5. HP: 23/37 MP: 5/5
  2512 | D:4      | Reached skill level 1 in Stealth
  2609 | D:4      | Found a bloodstained altar of Trog.
  2847 | D:4      | Gained mutation: You are mostly covered in slimy green
                  | scales. (AC +3) [demonic ancestry]
  2847 | D:4      | Reached XP level 6. HP: 43/43 MP: 6/6
  2881 | D:4      | Reached skill level 5 in Unarmed Combat
  3147 | D:5      | Entered Level 5 of the Dungeon
  3437 | D:5      | Noticed a sky beast
  3455 | D:5      | Killed a sky beast
  3456 | D:5      | Reached XP level 7. HP: 31/49 MP: 7/7
  3607 | D:5      | Reached skill level 6 in Unarmed Combat
  3800 | D:5      | Found a broken altar of Ashenzari.
  3931 | D:6      | Reached skill level 1 in Armour
  3993 | D:6      | Found a staircase to the Ecumenical Temple.
  4314 | D:6      | Noticed a steam dragon
  4321 | D:6      | Killed a steam dragon
  4322 | D:6      | Reached XP level 8. HP: 48/57 MP: 8/8
  4324 | D:6      | Reached skill level 7 in Unarmed Combat
  4911 | D:7      | Reached skill level 5 in Shapeshifting
  5401 | D:7      | Killed an unseen horror
  5402 | D:7      | Reached skill level 8 in Unarmed Combat
  5573 | D:7      | Reached XP level 9. HP: 64/64 MP: 9/9
  5718 | D:7      | Found a stormy altar of Qazlal.
  5719 | D:7      | Found an ornate altar of the Wu Jian Council.
  6449 | D:7      | HP: 1/65 [electric eel/bolt of electricity (13)]
  7554 | D:8      | Reached skill level 9 in Unarmed Combat
  7559 | D:8      | Reached skill level 5 in Armour
  7804 | D:8      | Found an opulent altar of Gozag.
  8267 | D:9      | Found a staircase to the Orcish Mines.
  8301 | D:9      | Slain by a warg

Illustrated notes

Levels and vault maps discovered:
D:1:      co_arrival_square_in_a_square_in_a_square, layout_loops_ring
D:2:      layout_loops_ring
D:3:      layout_loops_ring
D:4:      layout_rooms, nicolae_overflow_crystal_walls
D:5:      layout_cave_pools, kennysheep_little_box
D:6:      layout_gridville, temple_fountains, kennysheep_boxes
D:7:      wad_lake_hut, layout_basic, gammafunk_temple_overflow_pools
D:8:      layout_basic, grunt_temple_overflow_gold_and_silver,
          grunt_ministairs_9
D:9:      layout_layer_cave, david_orc_1_choice,
          nicolae_concentric_dashed_squares_wild, serial_bayou_lagoon_b

Skill      XL: |  1  2  3  4  5  6  7  8  9 |
---------------+----------------------------+-----
Unarmed Combat | 3 4 5 6 8 9 |  9.5
Shapeshifting  | 3 4 5 6 |  6.2
Dodging        | 2 |  2.5
Stealth        | 1 |  1.4
Fighting       | 2 3 |  3.8
Armour         | 1 3 5 |  5.5
Shields        | |  0.9

Action                     |  1- 3 |  4- 6 |  7- 9 || total
---------------------------+-------+-------+-------++-------
  Melee: Unarmed           |   105 |   184 |   265 ||   554
         Punch             |     1 |     4 |    11 ||    16
    Use: Scroll            |       |     2 |     5 ||     7
         Potion            |       |       |     4 ||     4
   Stab: Sleeping          |     1 |     2 |       ||     3
 Armour: Animal skin       |    57 |    60 |       ||   117
         Plate armour      |       |    26 |   245 ||   271
         Skin              |       |       |     3 ||     3
  Dodge: Dodged            |    74 |    91 |    76 ||   241
  Block: Other             |       |    27 |    49 ||    76
         Reflection        |       |     2 |       ||     2
